 Dungeon Crawl Stone Soup version 0.28-a0-664-gc179e30c89 (webtiles) character file.

Game seed: 10670713083387697566

5 spiderkeys the Skirmisher (level 1, -5/23 HPs)
             Began as a Gnoll Abyssal Knight on Oct 16, 2021.
             Was a Follower of Lugonu.
             Slain by a tentacled starspawn (23 damage)
             ... on level 3 of the Abyss.
             The game lasted 00:00:51 (119 turns).

spiderkeys the Skirmisher (Gnoll Abyssal Knight)     Turns: 119, Time: 00:00:52

Health: -5/23      AC:  3    Str: 12    XL:     1   Next: 80%
Magic:  3/3        EV: 12    Int:  9    God:    Lugonu [*.....]
Gold:   19         SH:  0    Dex: 12    Spells: 0/0 levels left

rFire   . . .      SeeInvis .   a - +1 spear
rCold   . . .      Faith    .   (no shield)
rNeg    . . .      Spirit   .   b - +0 leather armour
rPois   .          Reflect  .   (no helmet)
rElec   .          Harm     .   (no cloak)
rCorr   .          Rampage  .   (no gloves)
Will    .....                   (no boots)
Stlth   +.........              (no amulet)
HPRegen 0.07/turn               (no ring)
MPRegen 0.08/turn               (no ring)

@: no status effects
A: fangs 1, strong nose, distributed training
a: Renounce Religion, Depart the Abyss


You were on level 3 of the Abyss.
You worshipped Lugonu.
Lugonu was aware of your devotion.
You visited 0 branches of the dungeon, and saw 0 of its levels.
You visited the Abyss 1 time.

You collected 19 gold pieces.


Innate Abilities, Weirdness & Mutations

You have very sharp teeth.
Your uncanny sense of smell can sniff out nearby items.
Your experience applies equally to all skills.


   Skills:
 + Level 6.4 Fighting
 + Level 0.1 Short Blades
 + Level 0.1 Long Blades
 + Level 0.1 Axes
 + Level 0.1 Maces & Flails
 + Level 4.4 Polearms
 + Level 0.1 Staves
 + Level 0.1 Slings
 + Level 0.1 Bows
 + Level 0.1 Crossbows
 + Level 0.1 Throwing
 + Level 4.4 Armour
 + Level 2.4 Dodging
 + Level 0.1 Stealth
 + Level 0.1 Shields
 + Level 0.1 Unarmed Combat
 + Level 0.1 Spellcasting
 + Level 0.1 Conjurations
 + Level 0.1 Hexes
 + Level 0.1 Summonings
 + Level 0.1 Necromancy
 + Level 0.1 Translocations
 + Level 0.1 Transmutations
 + Level 0.1 Fire Magic
 + Level 0.1 Ice Magic
 + Level 0.1 Air Magic
 + Level 0.1 Earth Magic
 + Level 0.1 Poison Magic
 + Level 4.4 Invocations
 + Level 0.1 Evocations


You couldn't memorise any spells.
You didn't know any spells.
Your spell library was empty.

Inventory:

Hand Weapons
 a - a +1 spear (weapon)
Missiles
 c - 3 datura-tipped darts
Armour
 b - a +0 leather armour (worn)
Potions
 d - a potion of curing {@q1}

Dungeon Overview and Level Annotations

Branches:
Dungeon (0/15)

Altars:

โˆ† . โˆ† ..
#.. ##.# ###
.#...###@#
#..$..#XJ#
#.......X#####
#####
#.....#.....#
.#....
##...###.!.##..
..... ##.#
##.### ..... .
#.. ##
..##..!.... ...
.#.....#..#.. .
..
ยงยง.........##
..#


You could see a tentacled starspawn, a large abomination and a jelly.


Message History

๐Ÿค– Initializing magus.rc ...
Options error: Delay interrupt name "hungry" not recognised. (~/.crawlrc:4988) โœ… Successfully initialized magus.rc [v1.9.10] Welcome, spiderkeys the Gnoll Abyssal Knight.
Will you be the one to retrieve the terrific Orb of Zot from the depths?
Lugonu says: Depart the Abyss and spread corruption, my servant! (use the ability menu to exit the Abyss) Press ? for a list of commands and other information.
Found 18 gold pieces.
Found a corrupted altar of Lugonu.
Found a gateway leading deeper into the Abyss.
Found 14 gold pieces.
Found a gateway leading deeper into the Abyss.
You now have 5 gold pieces.
Found a gateway leading out of the Abyss.
You now have 19 gold pieces (gained 14).
There is a gateway leading deeper into the Abyss here.
You plunge deeper into the Abyss.
There is an empty arch of ancient stone here.
An ufetubus comes into view.
The ufetubus shouts!
You see here 29 gold pieces.
The ufetubus barely misses you. The ufetubus closely misses you.
You hit the ufetubus. The ufetubus hits you.
The ufetubus hits you but does no damage. ๐Ÿ˜• HP[-1]
You take 1 damage, and now have 22/23 hp.
You hit the ufetubus. The ufetubus barely misses you.
The ufetubus hits you but does no damage.
The ufetubus barely misses you. x2
You puncture the ufetubus!
You kill the ufetubus! ๐Ÿ˜Ž HP[+1]
Your hp is fully restored (23).
Found a gateway leading deeper into the Abyss.
The hellwing gives a chilling moan.
There is a gateway leading deeper into the Abyss here.
There is a gateway leading deeper into the Abyss here.
You plunge deeper into the Abyss.
The abyssal rune of Zot can be found at this depth.
c - 3 datura-tipped darts
d - a ruby potion You open the door.
There is an open door here.
You open the door.
A jelly comes into view.
The jelly quivers.
There is an open door here.
Non-targeted abil: Depart the Abyss
Press: ? - help, Q - select action, (/) - cycle Dir - look around, f - activate
Okay, then.
Okay, then.
You aren't carrying any scrolls.
Unknown command.
You see here a ruby potion.
A tentacled starspawn comes into view.
You see here a scroll labelled FYETOX PAPTIDU.
As you read the scroll labelled FYETOX PAPTIDU, it crumbles to dust.
It is a scroll of identify.
d - a potion of curing The jelly hits you but does no damage.
You hit the jelly.
Your hands burn!
The jelly barely misses you. The tentacled starspawn bites you.
The tentacled starspawn tentacle-slaps you!!
Ouch! That really hurt!
You die...

Action                   || total
-------------------------++-------
Melee: Spear             ||     4
  Use: Scroll            ||     1
Armor: Leather armour    ||     3
Dodge: Dodged            ||     6

Levels and vault maps discovered:
Abyss:3:  base: Temple, gammafunk_abyss_rune_reverse_zot,
          evilmike_abyss_exit_16, gammafunk_abyss_rune_reverse_zot,
          evilmike_abyss_exit_mutagenic, hangedman_decor_points

Notes
Turn   | Place    | Note
-------+----------+-------------------------------------------
     0 | Abyss:1  | spiderkeys the Gnoll Abyssal Knight began the quest for the
                  | Orb.
     0 | Abyss:1  | Reached XP level 1. HP: 23/23 MP: 3/3
     0 | Abyss:1  | magus.rc [v1.9.10]
    56 | Abyss:2  | Noticed a hellwing
    93 | Abyss:3  | Noticed a jelly
   111 | Abyss:3  | Noticed a large abomination
   115 | Abyss:3  | Noticed a tentacled starspawn
   119 | Abyss:3  | Slain by a tentacled starspawn

Vanquished Creatures
  An ufetubus (Abyss:2)
1 creature vanquished.

Table legend:
 A = Non-vault XP
 B = Vault XP
 C = Vault XP percentage of total XP
 D = Non-vault monster count
 E = Vault monster count
 F = Vault count percentage of total count
                 A         B        C        D         E       F
            +---------+---------+-------+---------+---------+-------
      Total |       8 |       0 |   0.0 |       1 |       0 |   0.0
            +---------+---------+-------+---------+---------+-------
    Abyss:2 |       8 |       0 |   0.0 |       1 |       0 |   0.0
            +---------+---------+-------+---------+---------+-------

Illustrated notes

Table legend:
 A = Kills in this place as a percentage of kills in entire the game.
 B = Kills by you in this place as a percentage of kills by you in the entire game.
 C = Kills by friends in this place as a percentage of kills by friends in the entire game.
 D = Other kills in this place as a percentage of other kills in the entire game.
 E = Experience gained in this place as a percentage of experience gained in the entire game.
 F = Experience gained in this place divided by the number of levels of this place that you have seen.
                   A       B       C       D       E      F
               +-------+-------+-------+-------+-------+----------------------
         Total | 100.0 | 100.0 |   N/A |   N/A | 100.0 |   2.7
         Abyss | 100.0 | 100.0 |   N/A |   N/A | 100.0 |   2.7
               +-------+-------+-------+-------+-------+----------------------

Table legend: (Time is in decaauts)
 A = Elapsed time spent in this place.
 B = Non-inter-level travel time spent in this place.
 C = Inter-level travel time spent in this place.
 D = Time resting spent in this place.
 E = Time spent auto-exploring this place.
 F = Levels seen in this place.
 G = Mean time per level.
                   A        B        C        D        E       F      G
               +--------+--------+--------+--------+--------+-----+--------+
         Total |    118 |    118 |      0 |      0 |      1 |   3 |   39.3 |
         Abyss |    118 |    118 |      0 |      0 |      1 |   3 |   39.3 |
               +--------+--------+--------+--------+--------+-----+--------+

Top non-repeatable levels by time:
 Abyss:3: 57 daAuts
 Abyss:2: 48 daAuts
 Abyss:1: 12 daAuts
